 Dungeon Crawl Stone Soup version 0.27.1-34-g3ba077fa99 (webtiles) character file.

Game seed: 17753429026950981349

1082685 Leekoo the Conqueror (level 27, -17/231 HPs)
             Began as a Gargoyle Fighter on Jan 3, 2022.
             Was the Champion of the Shining One.
             Killed from afar by a starcursed mass (26 damage)
             ... with an accursed screaming
             ... while paralysed by accursed screaming
             ... on level 20 of a ziggurat on Jan 5, 2022.
             The game lasted 06:44:13 (98948 turns).

Leekoo the Conqueror (Gargoyle Fighter)            Turns: 98948, Time: 06:44:14

Health: -17/231    AC: 63    Str: 21      XL:     27
Magic:  26/32      EV:  2    Int: 20 (28) God:    the Shining One [******]
Gold:   7880       SH:  0    Dex:  5      Spells: 12/49 levels left

rFire    + + .     SeeInvis +   b - +9 broad axe (holy)
rCold    + . .     Faith    .   X - +9 tower shield of Pathos {rPois rC- rN+ Regen+}
rNeg     + + +     Spirit   .   f - +12 gold dragon scales
rPois    ∞         Reflect  .   r - +2 helmet of Baldness {rN+ Int+8}
rElec    +         Harm     .   j - scarf {rC+ rF+}
rCorr    .         Rampage  .   T - +2 pair of gloves {archery}
Will     ++++.     Rnd*Rage +   p - +2 pair of boots {Stlth+} Stlth ..........Rnd*Tele +
                                z - amulet of Vitality {Regen+ HP+15}
HPRegen  0.00/turn              E - +4 ring of slaying
MPRegen  0.23/turn              h - ring of the Mage {Wiz Will++ Int+3}

@: paralysed, berserking, divinely shielded, unable to read, flying, inhibited
regen, glowing, studying 2 skills
A: sickness immunity, AC +20, big wings, negative energy resistance 1,
electricity resistance, torment resistance 1, petrification resistance, large
bone plates 1, see invisible, clever 1, high mp 1, strong 1, evolution 2,
[berserk 3], [clumsy 2], [deformed body], [deterioration 2], [dopey 2], [frail
3], [low mp 3], [screaming 2], [inhibited regeneration], [teleportitis 3], [weak
2], [no potion heal 2], [subdued magic 3], [inability to read while threatened]
}: 10/15 runes: barnacled, slimy, silver, abyssal, demonic, glowing, magical,
fiery, dark, gossamer
a: Renounce Religion, Divine Shield, Cleansing Flame, Summon Divine Warrior


You were on level 20 of a ziggurat.
You worshipped the Shining One.
The Shining One was exalted by your worship.
You visited 14 branches of the dungeon, and saw 57 of its levels.
You visited Pandemonium 1 time, and saw 23 of its levels.
You visited the Abyss 5 times.
You visited 1 bazaar.
You visited 1 ziggurat, and saw 20 of its levels.
You also visited: Trove.

You collected 12792 gold pieces.
You spent 4912 gold pieces at shops.

Inventory:

Hand Weapons
 a - a +9 vorpal broad axe
 b - a +9 broad axe of holy wrath (weapon)
Missiles
 B - 15 throwing nets
 L - 43 silver javelins
 S - 42 javelins (quivered)
Armour
 f - +12 gold dragon scales (worn)
 j - a scarf of resistance (worn)
 p - a +2 pair of boots of stealth (worn)
 r - the +2 helmet of Baldness (worn) {rN+ Int+8}
   (Okawaru gifted it to you on level 3 of the Depths)

   Int:       It affects your intelligence (+8).
   rN:        It protects you from negative energy.
 T - a +2 pair of gloves of archery (worn)
 X - the +9 tower shield of Pathos (worn) {rPois rC- rN+ Regen+}
   (Okawaru gifted it to you on level 1 of the Elven Halls)

   rC:        It makes you vulnerable to cold.
   rPois:     It protects you from poison.
   rN:        It protects you from negative energy.
   Regen:     It increases your rate of health regeneration.
Jewellery
 h - the ring of the Mage (right hand) {Wiz Will++ Int+3}
   (You found it on level 3 of the Crypt)

   [ring of wizardry]

   It improves your spell success rate.
   Int:       It affects your intelligence (+3).
   Will:      It greatly increases your willpower.
 l - the ring "Qoykup" {rElec rC+ Int+3 Stlth+}
   (You bought it in a shop on level 3 of the Vaults)

   [ring of protection from cold]

   Int:       It affects your intelligence (+3).
   rC:        It protects you from cold.
   rElec:     It insulates you from electricity.
   Stlth:     It makes you more stealthy.
 w - a ring of resist corrosion
 z - the amulet of Vitality (around neck) {Regen+ HP+15}
   (You took it off a merfolk on level 4 of the Shoals)

   [amulet of regeneration]

   HP:        It affects your health (+15).
   Regen:     It increases your rate of health regeneration.
 C - the necklace of Bloodlust {*Rage +Rage Will++ Int-3 Slay+6}
   (You found it on level 8 of a ziggurat)

   [amulet of nothing]

   It extends the wearer's berserk rage when killing foes.
   Int:       It affects your intelligence (-3).
   Slay:      It affects your accuracy & damage with ranged weapons and melee
   (+6).
   +Rage:     It lets you go berserk.
   *Rage:     It may make you go berserk in combat.
   Will:      It greatly increases your willpower.
 D - a ring of willpower
 E - a +4 ring of slaying (left hand)
 H - the ring "Aneynt" {rPois rC- rN+ Str-3 Slay+6 Stlth+}
   (You found it on level 5 of the Pits of Slime)

   [ring of positive energy]

   Str:       It affects your strength (-3).
   Slay:      It affects your accuracy & damage with ranged weapons and melee
   (+6).
   rC:        It makes you vulnerable to cold.
   rPois:     It protects you from poison.
   rN:        It protects you from negative energy.
   Stlth:     It makes you more stealthy.
 Y - the ring "Usavio" {Wiz rPois rF+ Int+3}
   (You found it on level 13 of a ziggurat)

   [ring of wizardry]

   It improves your spell success rate.
   Int:       It affects your intelligence (+3).
   rF:        It protects you from fire.
   rPois:     It protects you from poison.
Wands
 s - a wand of acid (53)
 A - a wand of polymorph (30)
 K - a wand of iceblast (66)
 N - a wand of paralysis (59)
 O - a wand of charming (22)
Scrolls
 c - 2 scrolls of enchant armour
 e - 15 scrolls of fear
 n - 15 scrolls of immolation
 q - 7 scrolls of vulnerability
 v - 14 scrolls of fog
 x - 3 scrolls of enchant weapon
 y - 48 scrolls of teleportation
 I - 8 scrolls of holy word
 M - 9 scrolls of magic mapping
 Q - 3 scrolls of silence
 R - 11 scrolls of blinking
 V - 3 scrolls of summoning
Potions
 d - 6 potions of might
 g - 3 potions of resistance
 i - 14 potions of cancellation
 k - 12 potions of ambrosia
 m - 38 potions of curing
 o - 11 potions of brilliance
 t - 15 potions of haste
 u - 5 potions of magic
 F - 7 potions of berserk rage
 G - 9 potions of heal wounds
 P - 12 potions of mutation
 U - 6 potions of attraction
 W - 7 potions of lignification
Miscellaneous
 J - a phantom mirror
 Z - a box of beasts (inert)


   Skills:
 O Level 27 Fighting
 - Level 18.0 Axes
 - Level 14.4 Throwing
 - Level 23.0 Armour
 - Level 7.7 Dodging
 - Level 25.0 Shields
 - Level 11.9 Spellcasting
 - Level 7.4 Conjurations
 - Level 16.5 Translocations
 - Level 5.0 Transmutations
 + Level 17.2 Fire Magic
 - Level 8.0 Earth Magic
 - Level 26.1 Invocations
 - Level 10.0 Evocations


You had 12 spell levels left.
You knew the following spells:

 Your Spells              Type           Power      Damage    Failure   Level
a - Blink                 Tloc           N/A        N/A       0%          2
b - Manifold Assault      Tloc           41%        N/A       1%          5
c - Apportation           Tloc           82%        N/A       0%          1
d - Dispersal             Tloc           20%        N/A       3%          6
e - Passage of Golubria   Tloc           N/A        N/A       1%          4
f - Passwall              Tmut/Erth      15%        N/A       1%          2
g - Fire Storm            Conj/Fire      16%        8d4       100%        9
h - Ignition              Fire           21%        3d8       82%         8

Your spell library contained the following spells:

 Spells                   Type           Power      Damage    Failure   Level
 Foxfire                  Conj/Fire      100%       2x1d9     1%          1
 Magic Dart               Conj           84%        1d7       1%          1
 Sandblast                Erth           46%        2d11      1%          1
 Conjure Flame            Conj/Fire      32%        6-21      1%          3
 Gell's Gravitas          Tloc           20%        N/A       1%          3
 Inner Flame              Hex/Fire       24%        N/A       1%          3
 Lesser Beckoning         Tloc           20%        N/A       1%          3
 Portal Projectile        Hex/Tloc       46%        N/A       1%          3
 Teleport Other           Tloc           41%        N/A       1%          3
 Iskenderun's Mystic Bla  Conj/Tloc      31%        2d8       1%          4
 Sticky Flame             Conj/Fire      32%        2d5       1%          4
 Ignite Poison            Fire/Tmut/Pois 21%        N/A       2%          3
 Stone Arrow              Conj/Erth      44%        3d9       2%          3
 Fireball                 Conj/Fire      16%        3d8       3%          5
 Shock                    Conj/Air       56%        1d6       4%          1
 Bolt of Magma            Conj/Fire/Erth 14%        4d8       7%          5
 Static Discharge         Conj/Air       14%        N/A       8%          2
 Sting                    Tmut/Pois      44%        1d5       9%          1
 Dazzling Flash           Conj/Hex       28%        N/A       16%         3
 Summon Forest            Summ/Tloc      11%        N/A       22%         5
 Starburst                Conj/Fire      16%        6d6       24%         6
 Animate Skeleton         Necr           12%        N/A       26%         1
 Corona                   Hex            6%         N/A       26%         1
 Freeze                   Ice            24%        1d5       26%         1
 Summon Small Mammal      Summ           24%        N/A       26%         1
 Mephitic Cloud           Conj/Pois/Air  11%        N/A       26%         3
 Spider Form              Tmut/Pois      5%         N/A       26%         3
 Lee's Rapid Deconstruct  Erth           11%        3d9*      26%         5
 Iskenderun's Battlesphe  Conj           21%        2d7       32%         5
 Call Imp                 Summ           6%         N/A       36%         2
 Corpse Rot               Necr/Air       N/A        N/A       36%         2
 Ensorcelled Hibernation  Hex/Ice        12%        N/A       36%         2
 Poisonous Vapours        Pois/Air       12%        N/A       36%         2
 Slow                     Hex            6%         N/A       36%         2
 Animate Armour           Summ/Erth      28%        N/A       45%         4
 Leda's Liquefaction      Hex/Erth       7%         N/A       45%         4
 Fulminant Prism          Conj/Hex       7%         3d7       47%         4
 Hailstorm                Conj/Ice       14%        3d5       47%         4
 Irradiate                Conj/Tmut      9%         3d17      47%         5
 Call Canine Familiar     Summ           6%         N/A       58%         3
 Confusing Touch          Hex            6%         N/A       58%         3
 Frozen Ramparts          Ice            12%        1d3       58%         3
 Ozocubu's Armour         Ice            6%         N/A       58%         3
 Summon Guardian Golem    Hex/Summ       6%         N/A       58%         3
 Swiftness                Air            6%         N/A       58%         3
 Tukima's Dance           Hex            6%         N/A       58%         3
 Ice Form                 Ice/Tmut       11%        N/A       65%         4
 Blade Hands              Tmut           8%         N/A       65%         5
 Borgnjor's Vile Clutch   Necr/Erth      7%         N/A       80%         5
 Lightning Bolt           Conj/Air       7%         1d19      83%         5
 Iron Shot                Conj/Erth      11%        9d3       86%         6
 Disjunction              Tloc           20%        N/A       88%         8
 Airstrike                Air            3%         N/A       95%         4
 Animate Dead             Necr           3%         N/A       95%         4
 Cause Fear               Hex            3%         N/A       95%         4
 Dispel Undead            Necr           6%         3d8       95%         4
 Olgreb's Toxic Radiance  Pois           6%         N/A       95%         4
 Summon Ice Beast         Ice/Summ       6%         N/A       95%         4
 Summon Lightning Spire   Summ/Air       6%         N/A       95%         4
 Alistair's Intoxication  Tmut/Pois      7%         N/A       95%         5
 Freezing Cloud           Conj/Ice/Air   5%         6-21      95%         5
 Yara's Violent Unravell  Hex/Tmut       5%         3d4       95%         5
 Agony                    Necr           6%         N/A       100%        5
 Metabolic Englaciation   Hex/Ice        3%         N/A       100%        5
 Silence                  Hex/Air        3%         N/A       100%        5
 Summon Mana Viper        Hex/Summ       6%         N/A       100%        5
 Conjure Ball Lightning   Conj/Air       7%         3x3d6     100%        6
 Eringya's Noxious Bog    Tmut/Pois      5%         N/A       100%        6
 Invisibility             Hex            3%         N/A       100%        6
 Shadow Creatures         Summ           N/A        N/A       100%        6
 Simulacrum               Ice/Necr       3%         N/A       100%        6
 Dragon Form              Tmut           8%         N/A       100%        7
 Haunt                    Necr/Summ      3%         N/A       100%        7
 Malign Gateway           Summ/Tloc      11%        N/A       100%        7
 Monstrous Menagerie      Summ           3%         N/A       100%        7
 Orb of Destruction       Conj           10%        9d5       100%        7
 Ozocubu's Refrigeration  Ice            3%         4d5       100%        7
 Spellforged Servitor     Conj/Summ      7%         N/A       100%        7
 Storm Form               Tmut/Air       5%         N/A       100%        7
 Summon Hydra             Summ           3%         N/A       100%        7
 Borgnjor's Revivificati  Necr           3%         N/A       100%        8
 Discord                  Hex            3%         N/A       100%        8
 Infestation              Necr           3%         N/A       100%        8
 Lehudib's Crystal Spear  Conj/Erth      11%        10d4      100%        8
 Maxwell's Capacitive Co  Air            3%         ∞         100%        8
 Summon Horrible Things   Summ           3%         N/A       100%        8
 Chain Lightning          Conj/Air       7%         3d9       100%        9
 Polar Vortex             Ice            3%         N/A       100%        9
 Shatter                  Erth           11%        3d12*     100%        9
 Statue Form              Tmut/Erth      Unusable   N/A       N/A         6

Dungeon Overview and Level Annotations

Branches:
Dungeon (15/15)            Temple (1/1) D:5            Lair (6/6) D:8
 Shoals (4/4) Lair:4       Spider (4/4) Lair:3        Slime (5/5) Lair:6
    Orc (2/2) D:12            Elf (3/3) Orc:2        Vaults (5/5) D:13
  Crypt (3/3) Vaults:3       Tomb (1/3) Crypt:3      Depths (5/5) D:15
   Hell (visited)             Dis (0/7) Hell            Geh (0/7) Hell
    Coc (0/7) Hell            Tar (0/7) Hell            Zot (2/5) Depths:5

Altars:
Ashenzari
Cheibriados
Dithmenos
Elyvilon
Gozag
Hepliaklqana
Kikubaaqudgha
Makhleb
Nemelex Xobeh
Okawaru
Qazlal
Ru
Sif Muna
Trog
Uskayaw
Vehumet
Wu Jian
Xom
Yredelemnul
Zin
The Shining One
Beogh
Jiyva

Shops:
D:9 [[[::   Orc:2 *=([   Elf:1 (   Elf:2 [   Vaults:3 =   Vaults:4 [

Portals:
Hell: Depths:1 Depths:2 Depths:3 Depths:4 Depths:5
Abyss: Elf:2 Depths:3 Depths:4 Depths:5
Pandemonium: Depths:3

Annotations:
D:7 exclusion: 2 doors
Shoals:4 fk your 8% game seriously
Elf:3 1 exclusion
Depths:2 leave for TSO, exclusion: 3 doors, Viocziel's ghost, adept TrMo


Innate Abilities, Weirdness & Mutations

You are immune to sickness and miasma.
Your stone body is resilient. (AC +20)
You are immune to poison.
Your large and strong wings let you fly.
You resist negative energy. (rN+)
You are resistant to electric shocks. (rElec)
You are resistant to unholy torment.
You are immune to petrification.
You are partially covered in large bone plates. (SH +4)
You have supernaturally acute eyesight. (SInv)
Your mind is acute. (Int +2)
You have an increased reservoir of magic. (+10% MP)
Your muscles are strong. (Str +2)
You rapidly evolve.
[You have an uncontrollable temper.]
[You are very clumsy. (Dex -4)]
[Armour fits poorly on your strangely shaped body.]
[Your body often deteriorates upon taking damage.]
[You are very dopey. (Int -4)]
[You are extremely frail. (-30% HP)]
[Your magical capacity is extremely low. (-30% MP)]
[You frequently scream uncontrollably at your foes.]
[You do not regenerate when monsters are visible.]
[You are often teleported next to monsters.]
[You are very weak. (Str -4)]
[Potions cannot restore your health.]
[Your spells are much easier to cast, but much less powerful.]
[You sometimes lose the ability to read scrolls when taking damage.]


Message History

Your thrashing horror tramples the rakshasa but does no damage.
Your thrashing horror tramples the small abomination!
The small abomination holds its ground!
Your thrashing horror tramples the small abomination.
The small abomination holds its ground!
Your thrashing horror tramples the smoke demon!
The smoke demon is shoved backwards!
Your thrashing horror closely misses the rakshasa. x2
Your spatial maelstrom hits the rakshasa but does no damage.
Your spatial maelstrom hits the rakshasa.
Space bends around the rakshasa.
Your thrashing horror tramples the spatial vortex!
The spatial vortex is shoved backwards!
Your thrashing horror tramples the small abomination.
The small abomination stumbles backwards!
Your spatial maelstrom hits the glowing orange brain but does no damage.
Your spatial maelstrom hits the glowing orange brain!
Space bends around the glowing orange brain.
The necromancer hits your thrashing horror but does no damage.
The starcursed mass touches you but does no damage.
Your thrashing horror tramples your thrashing horror but does no damage.
Your thrashing horror tramples your thrashing horror.
Your thrashing horror holds its ground!
The glowing orange brain pulsates.
Send 'em back where they came from!
The Shining One protects your fellow warrior from evil magic! x6
The small abomination hits your spatial maelstrom!
The rakshasa hits your thrashing horror but does no damage.
The rakshasa hits your thrashing horror with a +0 whip!
The wretched star pulses with an eldritch light!
The red draconian hits you but does no damage.
The hellephant blinks!
The spatial vortex hits your thrashing horror!!
Your thrashing horror is destroyed!
Your thrashing horror dissolves into shadows!
Your spatial maelstrom hits the small abomination!
Space bends around the small abomination.
Your spatial maelstrom barely misses the small abomination.
A cacophony of accursed wailing tears at your sanity!
You die... .XXXXXG.▓▓ .XwXXX†XX▓▓ (ZXXXX)XXX▓▓ (.pXX*##*xX▓▓ .(.xh3.#XXXX▓▓ ..XXXx.X.XXXX▓▓

....Xd.X.XXGXG▓▓
.....3.XXh**Rdv▓▓
....5..xpXxRXX@.▓
.......3X.XR..▓▓
.......v..v..▓▓
.......Y.x..▓▓
......#....▓▓
..(..###..▓▓
..... #..▓▓ .....
..▓▓ .. .▓


You could see a hellephant, 20 starcursed masses, a red draconian (catching
breath), a tentacled starspawn, 3 wretched stars, 3 rakshasas, 2 glowing orange
brains, a spatial vortex, an ancient zyme, 2 large abominations, a necromancer,
a smoke demon (ally target), a raiju, 3 small abominations, 2 friendly spatial
maelstroms and 3 friendly thrashing horrors.

Vanquished Creatures
  Cerebov (Pan)
  the Royal Jelly (Slime:5)
  Gloorx Vloq (Pan)
  Lom Lobon (Pan)
  2 dread liches
  2 orbs of fire (Zot:2)
  Mennas (Pan)
  3 ancient liches
  A juggernaut (Depths:2)
  2 royal mummies
  Sojobo (Crypt:1)
  3 Killer Klowns
  Boris (Crypt:1)
  Margery (Crypt:1)
  Saint Roka (Depths:1)
  Bai Suzhen (Elf:3)
  A caustic shrike (Depths:3)
  A curse toe (Zot:2)
  7 golden dragons
  Jory (Depths:3)
  Geryon (Hell)
  2 profane servitors
  Arachne (Spider:4)
  6 bone dragons
  3 electric golems
  6 Brimstone Fiends
  4 Tzitzimimeh
  2 hellephants
  Jorgrun (Spider:2)
  7 Hell Sentinels
  16 tentacled monstrosities
  7 quicksilver dragons
  8 Ice Fiends
  Asterion (Elf:2)
  10 liches
  An eldritch tentacle (Elf:1)
  8 deep elf blademasters
  15 titans
  25 acid blobs
  3 pandemonium lords
  20 Executioners
  Polyphemus (Shoals:4)
  A death cob (Zot:2)
  2 krakens
  8 ancient champions
  5 deep elf master archers
  2 thorn hunters
  13 tentacled starspawn
  12 storm dragons
  Agnes (Spider:4)
  3 draconian monks
  Kirke (Shoals:4)
  8 tengu reavers
  The ghost of harness the Destroyer, an adept NaVM of Cheibriados (Elf:2)
  13 sphinxes
  11 shadow dragons
  Donald (Spider:2)
  12 nagarajas
  19 azure jellies
  An azure jelly (shapeshifter) (Zig:9)
  4 revenants
  11 rockslimes
  14 frost giants
  9 warmongers
  8 draconian knights
  19 fire giants
  6 deep elf sorcerers
  7 corrupters
  17 cacodemons
  An emperor scorpion (shapeshifter) (Depths:5)
  11 ghost moths
  10 vault wardens
  6 emperor scorpions
  4 orc warlords
  4 draconian scorchers
  Aizul (Vaults:2)
  6 iron dragons
  22 balrugs
  2 angels
  Louise (Shoals:1)
  2 juggernaut zombies
  2 caustic shrike zombies (Zig:17)
  2 spriggan defenders
  A ghoul (Crypt:3)
  3 curse skulls
  4 draconian shifters
  29 ironbound preservers
  6 deep elf elementalists
  The ghost of Stajl the Brawler, a journeyman TrFi of Trog (D:14)
  3 war gargoyles
  40 very ugly things
  33 stone giants
  6 blood saints
  3 caustic shrike skeletons
  6 draconian annihilators
  16 reapers
  18 quicksilver oozes
  13 lorocyprocas
  A quicksilver ooze (shapeshifter) (Vaults:5)
  9 deep elf demonologists
  A spark wasp (shapeshifter) (D:15)
  13 spark wasps
  10 vampire knights
  Azrael (Elf:2)
  13 black suns
  7 dire elephants
  5 black draconians
  8 red draconians
  2 bennus (Tomb:1)
  3 bunyips (Zig:13)
  12 deep elf annihilators
  8 yellow draconians
  11 green draconians
  13 purple draconians
  8 entropy weavers
  7 white draconians
  15 blizzard demons
  10 deep elf death magi
  An eidolon (Elf:1)
  20 jiangshi
  Snorg (D:12)
  17 green deaths
  15 ettins
  An eleionoma (Zig:13)
  7 crystal guardians
  10 merfolk impalers
  4 fire dragons
  6 merfolk javelineers
  Fannar (D:12)
  9 ice dragons
  A quicksilver dragon zombie (Zig:17)
  7 ironbound thunderhulks
  15 great orbs of eyes
  7 deep elf high priests
  15 yaktaur captains
  Erolcha (D:11)
  12 mummy priests
  21 hydras
  3 naga warriors (Zig:19)
  26 vault guards
  The ghost of Roemmaw the Protected, a journeyman GnWn of Uskayaw (Lair:3)
  The ghost of kalagan the Thaumaturge, a journeyman DECj of Sif Muna (Lair:3)
  6 peacekeepers
  8 merfolk avatars
  6 boulder beetles
  6 rakshasas
  8 salamander tyrants (Zig:19)
  4 catoblepae
  An ogre mage (Orc:1)
  8 monstrous demonspawn (Pan)
  3 ironbound frosthearts
  4 hell beasts
  5 spriggan air magi
  3 ghost crabs (Elf:1)
  3 anacondas (Zig:19)
  5 merfolk aquamancers
  9 tengu warriors
  An alligator snapping turtle (Shoals:4)
  14 centaur warriors
  3 death knights
  7 two-headed ogres
  13 deep troll shamans
  5 alligators
  22 dancing weapons
  12 death yaks
  35 death scarabs
  2 titan zombies
  8 vampire magi
  3 shock serpents
  19 deep troll earth magi
  20 thrashing horrors
  4 satyrs
  Urug (D:11)
  2 naga sharpshooters (Zig:19)
  9 spriggan berserkers
  17 soul eaters
  2 shock serpents (shapeshifter)
  5 ironbound beastmasters
  2 orc high priests
  7 hell hogs
  30 deep elf knights
  17 wretched stars
  19 hell knights
  80 large abominations
  33 sun demons
  A storm dragon zombie (Zig:14)
  22 sixfirhies
  19 iron trolls
  2 fire crabs
  19 skeletal warriors
  A spark wasp zombie (Crypt:2)
  A golden dragon zombie (Zig:17)
  2 storm dragon skeletons (Zig:17)
  2 death drakes
  5 spatial maelstroms
  A salamander mystic (Depths:4)
  2 anaconda zombies (Hell)
  15 flayed ghosts
  16 shadow wraiths
  2 goliath frogs (Zig:13)
  10 shadow demons
  9 torturous demonspawn (Pan)
  101 deep trolls
  10 glowing orange brains
  A naga ritualist (Zig:19)
  A goliath frog (shapeshifter) (Vaults:5)
  3 spriggan druids
  10 sea snakes
  A glowing orange brain (shapeshifter) (Vaults:5)
  A spectral hydra (Crypt:3)
  8 lindwurms
  8 gelid demonspawn
  A golden dragon skeleton (Elf:1)
  11 ironbound convokers
  7 swamp dragons
  5 spectral wolf spiders (Spider:2)
  22 deep elf archers
  2 orange crystal statues (Zig:4)
  A tengu zombie (Zig:17)
  5 infernal demonspawn (Pan)
  A lindwurm (shapeshifter) (Zig:9)
  A kraken simulacrum (Shoals:4)
  16 orc knights
  53 harpies
  18 phantasmal warriors
  35 deep elf zephyrmancers
  A sphinx zombie (Zig:14)
  12 necromancers
  9 orc sorcerers
  An anaconda skeleton (Hell)
  23 wizards
  45 deep elf pyromancers
  21 fauns
  19 orb spiders
  3 tengu skeletons
  2 iron dragon zombies (Zig:17)
  78 ugly things
  A wolf spider zombie (Tomb:1)
  9 shining eyes
  35 wolf spiders
  16 manticores
  2 frost giant zombies (Crypt:1)
  3 mana vipers
  2 will-o-the-wisps
  15 moths of wrath
  5 oklob plants
  3 fire giant zombies
  A salamander (shapeshifter) (Vaults:5)
  26 cyclopes
  An elephant (shapeshifter) (Depths:3)
  28 elephants
  2 sphinx skeletons
  10 apocalypse crabs
  7 worldbinders
  4 guardian serpents
  2 salamanders (Depths:4)
  21 orange demons
  2 titan simulacra
  16 vault sentinels
  A fire giant skeleton (Depths:3)
  A frost giant skeleton (Zig:14)
  3 torpor snails
  13 black mambas
  4 ice statues
  55 smoke demons
  2 rust devils (Pan)
  9 water nymphs
  5 molten gargoyles
  10 merfolk sirens
  4 eyes of devastation
  5 naga magi (Zig:19)
  3 gargoyles
  5 hellions
  14 cane toads
  A sea snake zombie (Hell)
  3 unseen horrors
  4 ice devils
  4 elf zombies
  13 komodo dragons
  5 rime drakes
  2 tengu conjurers
  4 tormentors
  2 spriggan zombies
  22 demonic crawlers
  A kobold demonologist (D:11)
  4 efreet
  30 yaktaurs
  10 freezing wraiths
  A komodo dragon (shapeshifter) (Zig:11)
  12 ancient zymes
  14 guardian mummies
  31 hellwings
  A death drake zombie (Crypt:1)
  2 hydra zombies (Hell)
  2 jumping spiders (shapeshifter)
  A spriggan skeleton (Depths:2)
  9 meliai
  35 jumping spiders
  17 red devils
  2 queen bees
  A sea snake skeleton (Hell)
  9 polar bears
  15 hornets
  47 merfolk
  A tengu simulacrum (Elf:1)
  7 wind drakes
  An iron dragon simulacrum (Elf:1)
  11 trolls
  4 hydra skeletons
  Prince Ribbit (D:6)
  5 wolf spider simulacra (Spider:2)
  A slime creature (shapeshifter) (Vaults:5)
  107 slime creatures
  28 raiju
  A snapping turtle (shapeshifter) (Zig:9)
  12 snapping turtles
  An alligator zombie (Hell)
  A dream sheep (shapeshifter) (Vaults:4)
  22 blink frogs
  16 dream sheep
  62 flying skulls
  An ice dragon skeleton (Crypt:3)
  2 frost giant simulacra
  A spriggan (shapeshifter) (Abyss:2)
  25 ynoxinuls
  14 wraiths
  10 air elementals
  A satyr skeleton (Crypt:2)
  7 elf skeletons
  88 redbacks
  10 spriggans
  9 water elementals
  4 shadows
  8 fire elementals
  50 yaks
  23 tarantellas
  2 vampires
  A black mamba skeleton (Pan)
  A yak (shapeshifter) (Abyss:3)
  A hog (Shoals:4)
  5 wyverns
  4 ushabtiu (Zig:14)
  An elf simulacrum (Vaults:4)
  13 chaos spawn
  2 fire bats (Shoals:2)
  9 golden eyes
  6 basilisks
  A steam dragon (Lair:4)
  2 death yak simulacra (Lair:4)
  34 neqoxecs
  8 vampire mosquitoes
  15 wargs
  Menkaure (D:6)
  3 nagas (Zig:19)
  27 small abominations
  9 spatial vortices
  3 acid dragons
  14 hell hounds
  2 floating eyes
  20 water moccasins
  A hornet zombie (D:6)
  44 orc warriors
  7 black bears
  An ice beast (shapeshifter) (Elf:3)
  2 ice beasts
  A sky beast (Elf:1)
  7 necrophages
  17 wolves
  A hog zombie (Crypt:2)
  5 boggarts
  10 ogres
  10 centaurs
  A rime drake zombie (Crypt:2)
  7 kobold brigands
  2 human zombies (Vaults:1)
  2 wyvern zombies
  9 bullfrogs
  A glowing shapeshifter simulacrum (Vaults:1)
  3 earth elementals
  A komodo dragon skeleton (Crypt:1)
  3 cane toad simulacra (Lair:4)
  3 scorpions
  A cyclops zombie (Crypt:1)
  A yak zombie (Crypt:2)
  68 killer bees
  4 wights
  An electric eel (Vaults:3)
  A howler monkey (shapeshifter) (Vaults:5)
  3 howler monkeys
  2 lava snakes (Elf:1)
  7 crimson imps (Pan)
  63 starcursed masses
  2 centaur zombies
  A black bear zombie (Crypt:1)
  A quasit (Abyss:4)
  An iron imp (Abyss:4)
  2 hounds (D:4)
  13 orc priests
  A gnoll shaman (D:8)
  7 jellies
  A centaur skeleton (D:5)
  An iguana (D:5)
  Natasha (thrice) (D:2)
  23 orc wizards
  12 hell rats
  4 lightning spires (Elf:1)
  A deep dwarf zombie (Crypt:1)
  A felid zombie (Crypt:2)
  17 mummies
  2 howler monkey zombies (D:9)
  7 gnolls
  2 howler monkey skeletons
  6 adders
  4 white imps
  4 ufetubi
  An adder skeleton (D:4)
  A barachi skeleton (Crypt:2)
  5 dart slugs
  64 orcs
  4 bats
  8 endoplasms
  2 giant cockroaches
  9 goblins
  7 hobgoblins
  2 quokkas
  13 ball pythons
  7 frilled lizards
  A goblin skeleton (Crypt:1)
  20 kobolds
  A kobold simulacrum (Crypt:3)
  3 rats (D:1)
  A ball lightning (Pan)
  5 briar patches (Zig:13)
  A lurking horror (Abyss:4)
  13 starspawn tentacles
  5 tentacles
4086 creatures vanquished.

Vanquished Creatures (collateral kills)
  Mnoleg (Pan)
  2 cacodemons (Pan)
  3 very ugly things (Pan)
  A sun demon (Pan)
  Sonja (D:12)
  A sixfirhy (Pan)
  A phantasmal warrior (Crypt:3)
  A red devil (Pan)
  2 large abominations
  4 neqoxecs (Pan)
  2 starcursed masses (Zig:20)
19 creatures vanquished.

Vanquished Creatures (others)
  A fire giant (Crypt:1)
  A draconian knight (Zot:1)
  A draconian stormcaller (Depths:3)
  A deep elf elementalist (Elf:3)
  A deep elf annihilator (Pan)
  An eidolon (Crypt:1)
  2 rakshasas (Pan)
  A dancing weapon (Elf:2)
  A thrashing horror (Zig:20)
  2 deep elf knights
  2 sixfirhies
  A sea snake (Shoals:4)
  2 glowing orange brains
  A wizard (Pan)
  3 deep elf zephyrmancers
  A merfolk siren (Shoals:4)
  A smoke demon (Pan)
  A large abomination (Elf:2)
  A demonic crawler (Zig:20)
  A merfolk (Shoals:2)
  A bloated husk (Zig:6)
  A ynoxinul (Pan)
  4 humans (Shoals:4)
  A golden eye (Elf:1)
  A chaos spawn (Pan)
  A killer bee (Spider:1)
  A crimson imp (Pan)
  A hell rat (Hell)
  A kobold (D:11)
  12 ball lightnings
  9 briar patches (Zig:13)
  19 foxfires
  38 fungi
  4 lurking horrors (Abyss:4)
  154 plants
  27 starspawn tentacles
  11 tentacles
312 creatures vanquished.

Grand Total: 4417 creatures vanquished

Notes
Turn   | Place    | Note
-------+----------+-------------------------------------------
     0 | D:1      | Leekoo the Gargoyle Fighter began the quest for the Orb.
     0 | D:1      | Reached XP level 1. HP: 14/14 MP: 1/1
   264 | D:1      | Reached XP level 2. HP: 19/19 MP: 2/2
   428 | D:1      | Found a faded altar of an unknown god.
  1013 | D:1      | Reached XP level 3. HP: 23/23 MP: 3/3
  1970 | D:2      | Found an iron altar of Okawaru.
  1987 | D:2      | Became a worshipper of Warmaster Okawaru
  2172 | D:2      | Noticed Natasha
  2177 | D:2      | Killed Natasha
  2178 | D:2      | Reached XP level 4. HP: 28/28 MP: 4/4
  2817 | D:2      | Found an iron altar of Okawaru.
  3223 | D:1      | Found a faded altar of an unknown god.
  3610 | D:2      | Noticed Natasha
  3622 | D:2      | Killed Natasha
  3778 | D:2      | Noticed Natasha
  3786 | D:2      | Killed Natasha
  3787 | D:2      | Reached XP level 5. HP: 24/32 MP: 5/5
  4086 | D:3      | Reached skill level 5 in Axes
  4655 | D:3      | Reached XP level 6. HP: 17/37 MP: 6/6
  4904 | D:3      | Found a hazy altar of Hepliaklqana.
  5821 | D:4      | Reached XP level 7. HP: 38/42 MP: 7/7
  5953 | D:4      | Reached skill level 4 in Fighting
  6077 | D:4      | Reached * piety under Okawaru
  6255 | D:5      | Entered Level 5 of the Dungeon
  6487 | D:5      | Reached XP level 8. HP: 42/48 MP: 8/8
  6504 | D:5      | Reached skill level 5 in Fighting
  6728 | D:5      | Found a staircase to the Ecumenical Temple.
  6738 | Temple   | Entered the Ecumenical Temple
  6830 | D:5      | Reached ** piety under Okawaru
  7136 | D:5      | Found an ornate altar of the Wu Jian Council.
  7203 | D:6      | Noticed Prince Ribbit
  8219 | D:6      | Noticed Menkaure
  8226 | D:6      | Killed Menkaure
  8227 | D:6      | Reached skill level 5 in Armour
  8254 | D:6      | Reached XP level 9. HP: 47/54 MP: 9/9
  8562 | D:6      | Killed Prince Ribbit
  9264 | D:7      | Noticed a two-headed ogre
  9308 | D:7      | Killed a two-headed ogre
  9308 | D:7      | Reached *** piety under Okawaru
  9309 | D:7      | Reached skill level 6 in Fighting
  9309 | D:7      | Reached skill level 10 in Axes
  9674 | D:7      | Reached skill level 7 in Fighting
  9713 | D:7      | Reached **** piety under Okawaru
  9900 | D:7      | Reached XP level 10. HP: 62/63 MP: 10/10
 10211 | D:8      | Noticed a two-headed ogre
 11135 | D:8      | Killed a two-headed ogre
 11136 | D:8      | Reached skill level 8 in Fighting
 11560 | D:8      | Found a staircase to the Lair.
 11569 | D:8      | Found a hide-covered altar of Uskayaw.
 11572 | D:8      | Found a sparkling altar of Nemelex Xobeh.
 11655 | D:9      | Found an opulent altar of Gozag.
 11671 | D:9      | Found Liusmigg's Antique Armour Shoppe.
 11693 | D:9      | Bought a pair of glowing gloves for 247 gold pieces
 11720 | D:9      | Found Eggog's Armour Shop.
 11743 | D:9      | Reached ***** piety under Okawaru
 11921 | D:9      | Found a bloodstained altar of Trog.
 12223 | D:9      | Found Ehiv's Antique Armour Shoppe.
 12230 | D:9      | Bought a faintly glowing helmet for 266 gold pieces
 12230 | D:9      | Identified the -5 helmet of the Dragon {-Cast Fly Regen+
                  | Dex-3} (You bought it in a shop on level 9 of the Dungeon)
 12457 | D:9      | Found Xugydann's Book Boutique.
 12482 | D:9      | Found Pyci's Book Shoppe.
 12665 | D:9      | Reached skill level 9 in Fighting
 13016 | D:9      | Noticed a manticore
 13037 | D:9      | Killed a manticore
 13038 | D:9      | Reached XP level 11. HP: 20/71 MP: 9/11
 13390 | D:10     | Entered Level 10 of the Dungeon
 13469 | D:10     | Noticed a two-headed ogre
 13489 | D:10     | Killed a two-headed ogre
 13490 | D:10     | Reached skill level 1 in Invocations
 14493 | D:11     | Found a white marble altar of Elyvilon.
 14634 | D:11     | Noticed Urug
 14649 | D:11     | Killed Urug
 14650 | D:11     | Reached skill level 10 in Fighting
 14704 | D:11     | Reached ****** piety under Okawaru
 14770 | D:11     | Noticed Erolcha
 14780 | D:11     | Noticed a cyclops
 15110 | Lair:1   | Entered Level 1 of the Lair of Beasts
 15516 | Lair:1   | Received a gift from Okawaru
 15687 | Lair:1   | Reached skill level 5 in Invocations
 15832 | Lair:1   | Reached XP level 12. HP: 67/79 MP: 16/16
 15942 | Lair:1   | Reached skill level 11 in Fighting
 16378 | Lair:2   | Noticed a four-headed hydra
 16515 | Lair:2   | Killed a four-headed hydra
 16679 | Lair:2   | Noticed an eight-headed hydra
 16700 | Lair:2   | Killed an eight-headed hydra
 16947 | Lair:2   | Received a gift from Okawaru
 17323 | Lair:2   | Found a runed translucent gate.
 17323 | Lair:2   | Found a runed translucent gate.
 17324 | Lair:2   | Found a runed translucent gate.
 17333 | Lair:2   | Noticed Roemmaw's ghost (journeyman GnWn)
 17333 | Lair:2   | Noticed a quicksilver ooze
 17335 | Lair:2   | Found a viscous altar of Jiyva.
 17629 | Lair:3   | Noticed a death yak
 17653 | Lair:3   | Killed a death yak
 18052 | Lair:3   | Reached skill level 12 in Fighting
 18146 | Lair:3   | Noticed a seven-headed hydra
 18161 | Lair:3   | Killed a seven-headed hydra
 18382 | Lair:3   | Found a hole to the Spider Nest.
 18656 | Lair:3   | Found a runed translucent door.
 18659 | Lair:3   | Identified the +4 trident of the Spider {freeze, Str+2}
 18659 | Lair:3   | Noticed kalagan's ghost (journeyman DECj)
 18845 | Lair:4   | Noticed a boulder beetle
 18958 | Lair:4   | Reached XP level 13. HP: 82/87 MP: 19/19
 18979 | Lair:4   | Found a staircase to the Shoals.
 19103 | Shoals:1 | Entered Level 1 of the Shoals
 19452 | Lair:4   | Found a frozen archway.
 19750 | Lair:4   | Received a gift from Okawaru
 19760 | Lair:4   | Reached skill level 13 in Fighting
 20114 | Lair:4   | Reached skill level 15 in Axes
 20584 | Lair:4   | Received a gift from Okawaru
 22772 | Lair:6   | Entered Level 6 of the Lair of Beasts
 22797 | Lair:5   | Reached skill level 1 in Throwing
 22958 | Lair:5   | Received a gift from Okawaru
 22959 | Lair:5   | Gained mutation: Your large and strong wings let you fly.
                  | [Gargoyle growth]
 22959 | Lair:5   | Reached XP level 14. HP: 53/95 MP: 20/20
 23311 | Lair:6   | Received a gift from Okawaru
 23996 | Lair:6   | Found a staircase to the Slime Pits.
 24001 | Lair:6   | Reached skill level 14 in Fighting
 24356 | Lair:6   | Received a gift from Okawaru
 24964 | Lair:6   | Received a gift from Okawaru
 26075 | D:9      | Bought the +5 ring mail of Weightlessness {rN+ Will+} for
                  | 595 gold pieces
 26381 | D:11     | Identified the +5 ring mail of Asceticism {Str-5 Dex+6
                  | Slay+3} (Okawaru gifted it to you on level 11 of the
                  | Dungeon)
 26381 | D:11     | Received a gift from Okawaru
 26505 | D:11     | Killed Erolcha
 26506 | D:11     | Reached XP level 15. HP: 96/101 MP: 21/21
 27328 | D:12     | Noticed Fannar
 27340 | D:12     | Killed Fannar
 27398 | D:12     | Identified the +9 scythe of the Viper {drain, +Blink Str+3}
 27463 | D:12     | Found a staircase to the Orcish Mines.
 27468 | D:12     | Noticed Sonja
 27483 | D:12     | Cast into level 2 of the Abyss (Sonja)
 27527 | Abyss:2  | Reached skill level 5 in Throwing
 27573 | Abyss:2  | Noticed a tentacled starspawn
 27576 | Abyss:2  | Noticed a cacodemon
 27850 | Abyss:2  | Noticed a bone dragon
 27879 | Abyss:2  | Killed a bone dragon
 27880 | Abyss:2  | Reached skill level 10 in Armour
 27882 | D:12     | Escaped the Abyss
 28064 | D:12     | Noticed Snorg
 28469 | D:12     | Killed Snorg
 28792 | D:12     | Killed Sonja
 28971 | D:12     | Received a gift from Okawaru
 29460 | D:13     | Reached skill level 15 in Fighting
 29963 | D:13     | Reached skill level 5 in Shields
 30320 | D:13     | Found a gate to the Vaults.
 30722 | Orc:1    | Entered Level 1 of the Orcish Mines
 31213 | Orc:1    | Reached XP level 16. HP: 44/108 MP: 17/22
 31450 | Orc:1    | Identified the +6 great sword "Gicemm" {speed, rElec rF+}
 31453 | Orc:1    | Identified the +6 mace "Eshur" {flame, rCorr}
 31456 | Orc:1    | Identified the +6 long sword "Rogidogg" {vorpal, Contam rN+
                  | Dex+3}
 31482 | Orc:1    | Got Ywer's Compendium of the Spatial Escort
 31485 | Orc:1    | Identified the +10 quarterstaff of Contradiction {drain,
                  | rElec Str+6}
 31536 | Orc:1    | Received a gift from Okawaru
 32231 | Orc:2    | Entered Level 2 of the Orcish Mines
 32379 | Orc:2    | Found Reony's Antique Weapon Emporium.
 32719 | Orc:2    | Found Tafriet's Antique Armour Shop.
 33211 | Orc:2    | Found Zalueci's Jewellery Shoppe.
 33219 | Orc:2    | Bought a ring of willpower for 375 gold pieces
 33219 | Orc:2    | Bought a ring of see invisible for 225 gold pieces
 33928 | Orc:2    | Found Zutes's General Store.
 33936 | Orc:2    | Bought a scroll of identify for 24 gold pieces
 33946 | Orc:2    | Found a staircase to the Elven Halls.
 34818 | D:14     | Reached skill level 16 in Fighting
 35391 | D:14     | Found a runed translucent door.
 35391 | D:14     | Noticed Stajl's ghost (journeyman TrFi)
 35417 | D:14     | Killed Stajl's ghost
 36110 | D:15     | Entered Level 15 of the Dungeon
 36182 | D:15     | Received a gift from Okawaru
 36261 | D:15     | Found a bloodstained altar of Trog.
 37079 | D:15     | Reached skill level 10 in Shields
 37635 | D:15     | Found a staircase to the Depths.
 38476 | Lair:2   | Reached XP level 17. HP: 95/116 MP: 1/23
 38891 | Lair:3   | Killed Roemmaw's ghost
 38924 | Lair:3   | Found a runed translucent door.
 38940 | Lair:3   | Received a gift from Okawaru
 38957 | Lair:3   | Killed kalagan's ghost
 39273 | Spider:1 | Entered Level 1 of the Spider Nest
 39381 | Spider:1 | HP: 4/116 [emperor scorpion (9)]
 39568 | D:9      | Bought a +2 pair of boots of stealth for 279 gold pieces
 39847 | Spider:1 | Reached skill level 17 in Fighting
 40051 | Spider:1 | Identified the +2 robe of the Skies Above {Drain rPois
                  | rF+++ Will-} (Okawaru gifted it to you on level 1 of the
                  | Spider Nest)
 40051 | Spider:1 | Received a gift from Okawaru
 41346 | Spider:2 | Identified the +5 kite shield "Dauravy" {+Inv rN+ Str+3}
 41346 | Spider:2 | Noticed Donald
 41525 | Spider:2 | Killed Donald
 42931 | Spider:3 | Noticed Jorgrun
 43558 | Spider:2 | Killed Jorgrun
 43901 | Spider:3 | Identified the +9 mace "Sej Kon" {flame, Int+5} (Okawaru
                  | gifted it to you on level 3 of the Spider Nest)
 43901 | Spider:3 | Received a gift from Okawaru
 44400 | Spider:4 | Entered Level 4 of the Spider Nest
 44418 | Spider:4 | Reached XP level 18. HP: 119/124 MP: 24/24
 44806 | Spider:4 | Noticed Arachne
 44830 | Spider:4 | Reached skill level 18 in Fighting
 44870 | Spider:4 | Killed Arachne
 44871 | Spider:4 | Reached skill level 15 in Shields
 45291 | Spider:4 | Identified the +1 hat of Idealism {rElec Str+3} (Okawaru
                  | gifted it to you on level 4 of the Spider Nest)
 45291 | Spider:4 | Received a gift from Okawaru
 46412 | Spider:4 | Got a gossamer rune of Zot
 46681 | Spider:4 | Noticed Agnes
 46904 | Spider:4 | Killed Agnes
 47842 | Shoals:1 | Received a gift from Okawaru
 47930 | Shoals:1 | Noticed Louise
 47978 | Shoals:1 | Killed Louise
 47978 | Shoals:1 | Received a gift from Okawaru
 48736 | Shoals:2 | Identified the +1 chain mail "Faeboru" {Str+3}
 49103 | Shoals:2 | Reached XP level 19. HP: 127/132 MP: 25/25
 49152 | Shoals:2 | Reached skill level 19 in Fighting
 50652 | Shoals:2 | Received a gift from Okawaru
 51765 | Shoals:4 | Entered Level 4 of the Shoals
 51793 | Shoals:4 | Noticed Polyphemus
 51794 | Shoals:4 | Received a gift from Okawaru
 51821 | Shoals:4 | Killed Polyphemus
 52766 | Shoals:4 | Noticed Kirke
 52788 | Shoals:4 | Killed Kirke
 52794 | Shoals:4 | Received a gift from Okawaru
 53504 | Shoals:4 | Received a gift from Okawaru
 53517 | Shoals:4 | HP: 3/134 [merfolk javelineer/javelin (14)]
 53920 | Shoals:4 | Got a barnacled rune of Zot
 54635 | Lair:4   | Reached XP level 20. HP: 140/140 MP: 26/26
 55273 | Orc:2    | Bought a +4 ring of slaying for 1170 gold pieces
 55488 | Depths:1 | Entered Level 1 of the Depths
 55507 | Depths:1 | Reached skill level 10 in Throwing
 55510 | Depths:1 | Reached skill level 20 in Fighting
 55510 | Depths:1 | Reached skill level 1 in Evocations
 55511 | Depths:1 | Reached skill level 1 in Dodging
 56266 | Vaults:1 | Entered Level 1 of the Vaults
 56562 | Vaults:1 | Received a gift from Okawaru
 56782 | Vaults:1 | Identified the +1 pair of boots of the Mind {rC- MP+9 Int+6
                  | Dex-4} (Okawaru gifted it to you on level 1 of the Vaults)
 56782 | Vaults:1 | Received a gift from Okawaru
 57020 | Vaults:1 | Reached skill level 5 in Evocations
 57270 | Vaults:1 | Reached skill level 5 in Dodging
 57972 | Vaults:2 | Received a gift from Okawaru
 57973 | Vaults:2 | Reached XP level 21. HP: 138/148 MP: 27/27
 58088 | Vaults:2 | Noticed Aizul
 58103 | Vaults:2 | Killed Aizul
 58146 | Vaults:2 | Reached skill level 21 in Fighting
 58391 | Vaults:2 | Received a gift from Okawaru
 59369 | Vaults:3 | Found a flickering gateway to a bazaar.
 59379 | Bazaar   | Entered a bazaar
 59384 | Bazaar   | Found Zil Wisa's Assorted Antiques.
 59388 | Bazaar   | Found Pasiz's General Store.
 59388 | Bazaar   | Found Cean's Jewellery Boutique.
 59389 | Bazaar   | Found Ohucwo's Magic Scroll Boutique.
 59416 | Bazaar   | Bought a potion of mutation for 80 gold pieces
 59416 | Bazaar   | Bought a potion of cancellation for 80 gold pieces
 59416 | Bazaar   | Bought 2 scrolls of blinking for 150 gold pieces
 59421 | Bazaar   | Bought a scroll of enchant weapon for 67 gold pieces
 59421 | Bazaar   | Bought a scroll of teleportation for 27 gold pieces
 59421 | Bazaar   | Bought a scroll of fog for 18 gold pieces
 59435 | Bazaar   | Bought a scroll of enchant armour for 210 gold pieces
 59435 | Bazaar   | Bought a scroll of teleportation for 84 gold pieces
 59435 | Bazaar   | Bought a scroll of teleportation for 84 gold pieces
 59464 | Vaults:3 | Reached skill level 1 in Translocations
 59653 | Vaults:3 | Received a gift from Okawaru
 59942 | Vaults:3 | Reached XP level 22. HP: 156/156 MP: 28/28
 60080 | Vaults:3 | Found a staircase to the Crypt.
 60169 | Vaults:3 | Found Jual's Jewellery Emporium.
 60282 | Vaults:3 | Received a gift from Okawaru
 60405 | Vaults:3 | Reached skill level 22 in Fighting
 60531 | Vaults:3 | Received a gift from Okawaru
 60852 | Vaults:4 | Reached skill level 5 in Translocations
 60868 | Vaults:4 | Reached skill level 10 in Evocations
 60956 | Vaults:4 | Learned a level 2 spell: Blink
 61130 | Vaults:4 | Received a gift from Okawaru
 61202 | Vaults:4 | Received a gift from Okawaru
 61951 | Vaults:4 | Found Conuwuh's Armour Shop.
 61962 | Vaults:4 | Bought a +2 helmet of see invisible for 258 gold pieces
 62462 | Vaults:4 | Learned a level 5 spell: Manifold Assault
 62897 | Elf:1    | Entered Level 1 of the Elven Halls
 62974 | Elf:1    | Got Qaitaimp's Tome of the Volcanoes
 63004 | Elf:1    | Identified the +9 tower shield of Pathos {rPois rC- rN+
                  | Regen+} (Okawaru gifted it to you on level 1 of the Elven
                  | Halls)
 63004 | Elf:1    | Received a gift from Okawaru
 63168 | Elf:1    | Found Havo's Antique Weapon Shop.
 63180 | Elf:1    | Found a shimmering blue altar of Sif Muna.
 63326 | Elf:1    | Reached XP level 23. HP: 158/164 MP: 29/29
 63357 | Elf:1    | Got the Grimoire of Necromancy
 63447 | Elf:1    | Reached skill level 23 in Fighting
 63470 | Elf:1    | Cast into level 3 of the Abyss (eldritch tentacle)
 63722 | Elf:1    | Escaped the Abyss
 63812 | Elf:1    | Got Sif Muna's Incunabulum of the Voyage
 63876 | Elf:1    | Got Sif Muna's Almanac of Execration
 64118 | Elf:1    | Got Sirif's Incunabulum of Poison
 64322 | Elf:1    | Paralysed by an air elemental for 1 turns
 64332 | Elf:1    | Paralysed by an air elemental for 1 turns
 64382 | Elf:1    | Got the Volume of Air
 64487 | Elf:2    | Found Faut's Antique Armour Shop.
 64528 | Elf:2    | Noticed Asterion
 64542 | Elf:2    | Gained mutation: [You are clumsy. (Dex -2)] [a cacodemon]
 64557 | Elf:2    | Reached skill level 10 in Translocations
 64562 | Elf:2    | Killed Asterion
 64562 | Elf:2    | Received a gift from Okawaru
 64658 | Elf:2    | Found a one-way gate to the infinite horrors of the Abyss.
 64658 | Elf:2    | Noticed harness's ghost (adept NaVM)
 64687 | Elf:2    | Found a transporter.
 64879 | Elf:2    | Got the Compendium of Creative Conjuration
 64924 | Elf:2    | Reached skill level 1 in Spellcasting
 65081 | Elf:2    | Found a transporter.
 65117 | Elf:2    | Paralysed by an air elemental for 1 turns
 65121 | Elf:2    | Paralysed by an air elemental for 1 turns
 65407 | Elf:2    | Found a runed translucent gate.
 65408 | Elf:2    | Found a runed translucent gate.
 65408 | Elf:2    | Found a runed translucent gate.
 65556 | Elf:2    | Noticed Azrael
 65681 | Elf:2    | Killed Azrael
 65707 | Elf:2    | Received a gift from Okawaru
 66147 | Elf:2    | Killed harness's ghost
 66260 | Elf:2    | Identified the ring of Gioh {rPois Will+++ rCorr Int-4
                  | Slay-6}
 66281 | Elf:2    | Learned a level 1 spell: Apportation
 66389 | Elf:3    | Entered Level 3 of the Elven Halls
 66668 | Elf:3    | Paralysed by an air elemental for 1 turns
 66730 | Elf:3    | Received a gift from Okawaru
 66773 | Elf:3    | Reached skill level 5 in Spellcasting
 66834 | Elf:3    | Noticed Bai Suzhen
 66877 | Elf:3    | Killed Bai Suzhen
 66878 | Elf:3    | Reached skill level 24 in Fighting
 66878 | Elf:3    | Reached XP level 24. HP: 173/173 MP: 30/30
 67247 | Elf:3    | Identified the +6 battleaxe of Foolhardiness {flame, rC++
                  | Will- MP+9 SInv}
 67342 | Elf:3    | Identified the +9 battleaxe of the Thieving Wolf {freeze,
                  | Dex+3}
 67427 | Elf:3    | Learned a level 6 spell: Dispersal
 67444 | Elf:3    | Found the +3 hat of Pondering {ponderous, Will+ MP+10
                  | Int+5}
 67448 | Elf:3    | Identified the +1 scale mail of the Vaults {rC+ rN+ rCorr}
 68034 | Depths:1 | Found a gateway to Hell.
 68186 | Depths:1 | Found an ancient bone altar of Kikubaaqudgha.
 68585 | Depths:2 | Noticed Saint Roka
 68590 | Depths:2 | Received a gift from Okawaru
 68618 | Depths:1 | Killed Saint Roka
 68822 | Depths:2 | Found an iron altar of Okawaru.
 69003 | Depths:2 | Noticed a juggernaut
 69019 | Depths:2 | Killed a juggernaut
 69020 | Depths:2 | Reached skill level 25 in Fighting
 69382 | Depths:2 | Reached XP level 25. HP: 181/181 MP: 32/32
 69555 | Depths:2 | Found a runed translucent gate.
 69555 | Depths:2 | Found a runed translucent gate.
 69555 | Depths:2 | Found a runed translucent gate.
 69557 | Depths:2 | Noticed Viocziel's ghost (adept TrMo)
 70066 | Depths:3 | Received a gift from Okawaru
 70300 | Depths:3 | Received a gift from Okawaru
 70485 | Depths:3 | Identified the +2 helmet of Baldness {rN+ Int+8} (Okawaru
                  | gifted it to you on level 3 of the Depths)
 70485 | Depths:3 | Received a gift from Okawaru
 70783 | Depths:3 | Found a gateway to a ziggurat.
 70936 | Depths:3 | Found a broken altar of Ashenzari.
 71127 | Depths:3 | Found a portal to a secret trove of treasure.
 71127 | Depths:3 | Noticed Jory
 71166 | Depths:3 | Killed Jory
 71167 | Depths:3 | Reached skill level 15 in Translocations
 71689 | Depths:3 | Found a one-way gate leading to the halls of Pandemonium.
 71849 | Depths:4 | Reached skill level 26 in Fighting
 72366 | Depths:4 | Received a gift from Okawaru
 72399 | Depths:4 | Found a snail-covered altar of Cheibriados.
 72467 | Depths:4 | Reached XP level 26. HP: 164/190 MP: 32/32
 72652 | Depths:4 | Received a gift from Okawaru
 72653 | Depths:4 | Reached skill level 15 in Armour
 72885 | Depths:5 | Entered Level 5 of the Depths
 72910 | Depths:5 | Received a gift from Okawaru
 73071 | Depths:5 | Found a gate to the Realm of Zot.
 73874 | Depths:5 | Found a stormy altar of Qazlal.
 74300 | Vaults:5 | Entered Level 5 of the Vaults
 74337 | Vaults:5 | Identified the +4 war axe of Sequestration {holy, rN++}
                  | (Okawaru gifted it to you on level 5 of the Vaults)
 74337 | Vaults:5 | Received a gift from Okawaru
 74465 | Vaults:5 | Noticed a dread lich
 74519 | Vaults:4 | Killed a dread lich
 74731 | Vaults:4 | Received a gift from Okawaru
 74761 | Vaults:4 | Reached XP level 27. HP: 193/196 MP: 32/32
 74906 | Vaults:5 | Identified the ring "Foudghy Ette" {Wiz rElec rC- Dex+4}
 75247 | Vaults:5 | Received a gift from Okawaru
 75454 | Vaults:5 | Received a gift from Okawaru
 75502 | Vaults:5 | Got a silver rune of Zot
 75722 | Vaults:5 | Identified the +6 flail of Articulation {distort, rPois
                  | rCorr Int+6}
 75725 | Vaults:5 | Cast into level 4 of the Abyss (vault warden)
 75744 | Abyss:5  | Entered Level 5 of the Abyss
 75950 | Vaults:5 | Escaped the Abyss
 75952 | Vaults:5 | Identified the +3 swamp dragon scales of the Jabberwock
                  | {rPois Str+2 Stlth+} (Okawaru gifted it to you on level 5
                  | of the Vaults)
 75952 | Vaults:5 | Received a gift from Okawaru
 76029 | Vaults:5 | Got the Guide on Curses
 76113 | Vaults:5 | Identified the +3 buckler "Ylonis" {rElec}
 77370 | Zot:1    | Entered Level 1 of the Realm of Zot
 78622 | Zot:2    | HP: 9/201 [quicksilver dragon/bolt of dispelling energy
                  | (19)]
 78830 | Zot:2    | Noticed an orb of fire
 78852 | Zot:2    | Killed an orb of fire
 78852 | Zot:2    | Identified the +1 hat of the Kangaroo {rN+++} (Okawaru
                  | gifted it to you on level 2 of the Realm of Zot)
 78852 | Zot:2    | Received a gift from Okawaru
 79315 | Zot:2    | Noticed an orb of fire
 79326 | Zot:2    | Gained mutation: [Your body sometimes deteriorates upon
                  | taking damage.] [an orb of fire]
 79328 | Zot:2    | Gained mutation: [You are dopey. (Int -2)] [an orb of fire]
 79335 | Zot:2    | Killed an orb of fire
 79346 | Zot:2    | Lost mutation: [Your body sometimes deteriorates upon
                  | taking damage.] [potion of mutation]
 79346 | Zot:2    | Lost mutation: [You are dopey. (Int -2)] [potion of
                  | mutation]
 79346 | Zot:2    | Lost mutation: [You are clumsy. (Dex -2)] [potion of
                  | mutation]
 79346 | Zot:2    | Gained mutation: You have sharp toenails. [potion of
                  | mutation]
 79346 | Zot:2    | Gained mutation: You are agile. (Dex +2) [potion of
                  | mutation]
 80167 | Slime:1  | Entered Level 1 of the Pits of Slime
 80261 | Slime:2  | Gained mutation: [You are dopey. (Int -2)] [a shining eye]
 80270 | Slime:2  | Gained mutation: [You are occasionally teleported next to
                  | monsters.] [a shining eye]
 80293 | Slime:2  | Lost mutation: [You are dopey. (Int -2)] [potion of
                  | mutation]
 80293 | Slime:2  | Lost mutation: You are agile. (Dex +2) [potion of mutation]
 80293 | Slime:2  | Lost mutation: You have sharp toenails. [potion of
                  | mutation]
 80293 | Slime:2  | Gained mutation: [You sometimes lose the ability to read
                  | scrolls when taking damage.] [potion of mutation]
 80293 | Slime:2  | Gained mutation: [You are clumsy. (Dex -2)] [potion of
                  | mutation]
 80294 | Slime:2  | Lost mutation: [You sometimes lose the ability to read
                  | scrolls when taking damage.] [potion of mutation]
 80294 | Slime:2  | Lost mutation: [You are clumsy. (Dex -2)] [potion of
                  | mutation]
 80294 | Slime:2  | Gained mutation: [You are frail. (-10% HP)] [potion of
                  | mutation]
 80294 | Slime:2  | Gained mutation: [You tend to lose your temper in combat.]
                  | [potion of mutation]
 80294 | Slime:2  | Gained mutation: You have an increased reservoir of magic.
                  | (+10% MP) [potion of mutation]
 80295 | Slime:2  | Lost mutation: [You are frail. (-10% HP)] [potion of
                  | mutation]
 80295 | Slime:2  | Lost mutation: [You tend to lose your temper in combat.]
                  | [potion of mutation]
 80295 | Slime:2  | Lost mutation: [You are occasionally teleported next to
                  | monsters.] [potion of mutation]
 80295 | Slime:2  | Gained mutation: You are partially covered in large bone
                  | plates. (SH +4) [potion of mutation]
 80295 | Slime:2  | Gained mutation: You passively map a small area around you.
                  | [potion of mutation]
 80295 | Slime:2  | Gained mutation: [You are occasionally teleported next to
                  | monsters.] [potion of mutation]
 80365 | Slime:4  | Received a gift from Okawaru
 80365 | Slime:4  | Found the +8 storm bow {elec, penet}
 80377 | Slime:5  | Entered Level 5 of the Pits of Slime
 80697 | Slime:4  | Gained mutation: [You are dopey. (Int -2)] [a shining eye]
 80746 | Slime:4  | Lost mutation: [You are dopey. (Int -2)] [potion of
                  | mutation]
 80746 | Slime:4  | Lost mutation: [You are occasionally teleported next to
                  | monsters.] [potion of mutation]
 80746 | Slime:4  | Gained mutation: [You tend to lose your temper in combat.]
                  | [potion of mutation]
 80746 | Slime:4  | Gained mutation: You have large cloven feet. [potion of
                  | mutation]
 80747 | Slime:4  | Lost mutation: You have an increased reservoir of magic.
                  | (+10% MP) [potion of mutation]
 80747 | Slime:4  | Lost mutation: You have large cloven feet. [potion of
                  | mutation]
 80747 | Slime:4  | Gained mutation: You have sharp toenails. [potion of
                  | mutation]
 80747 | Slime:4  | Gained mutation: You are somewhat resistant to further
                  | mutation. [potion of mutation]
 80748 | Slime:4  | Lost mutation: You passively map a small area around you.
                  | [potion of mutation]
 80748 | Slime:4  | Lost mutation: You have sharp toenails. [potion of
                  | mutation]
 80749 | Slime:4  | Lost mutation: You are somewhat resistant to further
                  | mutation. [potion of mutation]
 80749 | Slime:4  | Lost mutation: [You tend to lose your temper in combat.]
                  | [potion of mutation]
 80749 | Slime:4  | Gained mutation: You are covered in fur. (AC +1) [potion of
                  | mutation]
 80802 | Slime:5  | Noticed the Royal Jelly
 80824 | Slime:5  | Killed the Royal Jelly
 80824 | Slime:5  | Identified the +7 broad axe of the Fray {distort, rF- MP-9
                  | Int+6 SInv} (Okawaru gifted it to you on level 5 of the
                  | Pits of Slime)
 80824 | Slime:5  | Received a gift from Okawaru
 80871 | Slime:5  | Identified the ring "Aneynt" {rPois rC- rN+ Str-3 Slay+6
                  | Stlth+}
 80908 | Slime:5  | Identified the ring "Desaz" {Fly Will+}
 80916 | Slime:5  | Identified the +0 scale mail of Fedhas's Hope {Int+3
                  | Stlth+}
 80926 | Slime:5  | Identified the ring of Contentment {rF- rN+ rCorr Str+3
                  | Dex+6}
 80941 | Slime:5  | Got a slimy rune of Zot
 80964 | Slime:5  | Identified the +3 war axe of Accord {chaos, rC+ Int+4}
 80978 | Slime:5  | Identified the +12 arbalest "Adushei" {vorpal, Str+3}
 81037 | Slime:2  | You are sucked into a shaft and drop 1 floor!
 81768 | Temple   | Fell from the grace of Okawaru
 81768 | Temple   | Became a worshipper of the Shining One
 82075 | Crypt:1  | Entered Level 1 of the Crypt
 82170 | Crypt:1  | Reached * piety under the Shining One
 82284 | Crypt:1  | Noticed Sojobo
 82301 | Crypt:1  | Paralysed by an air elemental for 1 turns
 82308 | Crypt:1  | Paralysed by an air elemental for 1 turns
 82312 | Crypt:1  | Paralysed by an air elemental for 1 turns
 82316 | Crypt:1  | Paralysed by an air elemental for 1 turns
 82318 | Crypt:1  | Paralysed by an air elemental for 1 turns
 82323 | Crypt:1  | Paralysed by an air elemental for 1 turns
 82325 | Crypt:1  | Paralysed by an air elemental for 1 turns
 82328 | Crypt:1  | Paralysed by an air elemental for 1 turns
 82331 | Crypt:1  | Paralysed by an air elemental for 1 turns
 82337 | Crypt:1  | Paralysed by an air elemental for 1 turns
 82361 | Crypt:1  | Reached ** piety under the Shining One
 82368 | Crypt:1  | Paralysed by an air elemental for 1 turns
 82440 | Crypt:1  | Paralysed by an air elemental for 1 turns
 82449 | Crypt:1  | Paralysed by an air elemental for 1 turns
 82456 | Crypt:1  | Paralysed by an air elemental for 1 turns
 82471 | Crypt:1  | Paralysed by an air elemental for 1 turns
 82477 | Crypt:1  | Paralysed by an air elemental for 1 turns
 82486 | Crypt:1  | Paralysed by an air elemental for 1 turns
 82496 | Crypt:1  | Noticed Margery
 82519 | Crypt:1  | Killed Margery
 82553 | Crypt:1  | Killed Sojobo
 82664 | Crypt:1  | Noticed Boris
 82664 | Crypt:1  | Reached *** piety under the Shining One
 82675 | Crypt:1  | Killed Boris
 83292 | Crypt:2  | Reached **** piety under the Shining One
 83343 | Crypt:2  | Reached ***** piety under the Shining One
 84041 | Crypt:3  | Entered Level 3 of the Crypt
 84280 | Crypt:3  | Found a basalt altar of Yredelemnul.
 84281 | Crypt:3  | Reached ****** piety under the Shining One
 84428 | Crypt:3  | Found the +6 Majin-Bo {vamp, MP+6 Int+6}
 84471 | Crypt:3  | Found the ring of the Mage {Wiz Will++ Int+3}
 84478 | Crypt:3  | Identified the +2 pair of boots "Pewu" {Harm rC+}
 84667 | Crypt:3  | Found a staircase to the Tomb.
 84667 | Crypt:3  | Noticed an ancient lich
 84683 | Crypt:3  | Killed an ancient lich
 84825 | Crypt:3  | Identified the +0 pair of boots of the Hart {rCorr Str+3}
 85234 | Tomb:1   | Entered Level 1 of the Tomb of the Ancients
 85819 | Tomb:1   | Noticed a royal mummy
 85840 | Tomb:1   | Killed a royal mummy
 86451 | Hell     | Entered the Vestibule of Hell
 86451 | Hell     | Noticed Geryon
 86505 | Hell     | Reached skill level 10 in Invocations
 86606 | Hell     | Killed Geryon
 86752 | Hell     | Found a gateway to the freezing wastes of Cocytus.
 86807 | Hell     | Found a gateway to the Iron City of Dis.
 86829 | Hell     | Found a gateway to the ashen valley of Gehenna.
 86931 | Hell     | Found a gateway to the decaying netherworld of Tartarus.
 87195 | Depths:3 | You paid a toll of the horn of Geryon to enter a treasure
                  | trove
 87196 | Trove    | Entered a treasure trove
 87198 | Trove    | Found the +7 mace of Variability {chain chaos}
 87199 | Trove    | Found the +8 Wrath of Trog {antimagic, *Rage Rampage}
 87208 | Trove    | Identified the +2 demon trident "Uwkoam" {vamp, rPois Str+4
                  | Dex-3}
 87209 | Trove    | Identified the +8 dagger of Callousness {pain, rC+ Str-4
                  | SInv}
 87211 | Trove    | Identified the +2 war axe "Uraoworyat" {protect, rPois
                  | Stlth+}
 87347 | Depths:3 | Was forgiven by Okawaru
 87418 | Depths:3 | Voluntarily entered the Abyss.
 87687 | Abyss:4  | Found a corrupted altar of Lugonu.
 87707 | Abyss:4  | Found a sacrificial altar of Ru.
 87839 | Abyss:4  | Gained mutation: [Your magical capacity is low. (-10% MP)]
                  | [a neqoxec]
 88291 | Abyss:4  | Gained mutation: [Your body sometimes deteriorates upon
                  | taking damage.] [a cacodemon]
 88536 | Abyss:4  | Gained mutation: [Armour fits poorly on your strangely
                  | shaped body.] [a shining eye]
 88548 | Abyss:4  | Gained mutation: [You are frail. (-10% HP)] [a shining eye]
 88881 | Abyss:4  | Got an abyssal rune of Zot
 88979 | Depths:3 | Escaped the Abyss
 88980 | Depths:3 | Lost mutation: You are covered in fur. (AC +1) [potion of
                  | mutation]
 88980 | Depths:3 | Lost mutation: [Armour fits poorly on your strangely shaped
                  | body.] [potion of mutation]
 88980 | Depths:3 | Lost mutation: [Your magical capacity is low. (-10% MP)]
                  | [potion of mutation]
 88980 | Depths:3 | Gained mutation: Your flesh is heat resistant. (rF+)
                  | [potion of mutation]
 88980 | Depths:3 | Gained mutation: [You are weak. (Str -2)] [potion of
                  | mutation]
 89294 | Vaults:3 | Bought the ring "Qoykup" {rElec rC+ Int+3 Stlth+} for 673
                  | gold pieces
 89294 | Vaults:3 | Lost mutation: [You are frail. (-10% HP)] [potion of
                  | mutation]
 89294 | Vaults:3 | Lost mutation: [Your body sometimes deteriorates upon
                  | taking damage.] [potion of mutation]
 89294 | Vaults:3 | Lost mutation: Your flesh is heat resistant. (rF+) [potion
                  | of mutation]
 89294 | Vaults:3 | Gained mutation: [You are frail. (-10% HP)] [potion of
                  | mutation]
 89295 | Vaults:3 | Lost mutation: [You are weak. (Str -2)] [potion of
                  | mutation]
 89295 | Vaults:3 | Lost mutation: [You are frail. (-10% HP)] [potion of
                  | mutation]
 89295 | Vaults:3 | Gained mutation: Your mind is acute. (Int +2) [potion of
                  | mutation]
 89295 | Vaults:3 | Gained mutation: [You occasionally shout uncontrollably at
                  | your foes.] [potion of mutation]
 89614 | Pan      | Entered Pandemonium
 89655 | Pan      | Identified a +6 broad axe of holy wrath (a +4 broad axe of
                  | venom blessed by the Shining One)
 89655 | Pan      | Received a gift from the Shining One
 89750 | Pan      | Reached skill level 15 in Invocations
 89760 | Pan      | Noticed Teonwen the pandemonium lord
 89999 | Pan      | Killed Teonwen the pandemonium lord
 90281 | Pan      | Found a runed translucent door.
 90298 | Pan      | Got a demonic rune of Zot
 90900 | Pan      | Identified the +0 tower shield of Terror {rCorr}
 90900 | Pan      | Noticed Mennas
 90948 | Pan      | Killed Mennas
 91463 | Pan      | Gained mutation: [Your body sometimes deteriorates upon
                  | taking damage.] [a cacodemon]
 91518 | Pan      | Noticed Wouketeps the pandemonium lord
 91537 | Pan      | Killed Wouketeps the pandemonium lord
 91780 | Pan      | Found an exit through the horrors of the Abyss.
 91811 | Pan      | Entered the realm of Cerebov.
 92039 | Pan      | Identified the +6 dire flail "Daumap" {spect, rC+ SInv}
 92088 | Pan      | Found the +6 sword of Cerebov {flame}
 92088 | Pan      | Noticed Cerebov
 92125 | Pan      | Killed Cerebov
 92181 | Pan      | Got a fiery rune of Zot
 92579 | Pan      | Found an exit through the horrors of the Abyss.
 92605 | Pan      | Gained mutation: [You are frail. (-10% HP)] [a cacodemon]
 92777 | Pan      | Entered the realm of Lom Lobon.
 92777 | Pan      | Noticed Lom Lobon
 93198 | Pan      | Found an exit through the horrors of the Abyss.
 93776 | Pan      | Killed Lom Lobon
 93856 | Pan      | Got a magical rune of Zot
 94325 | Pan      | Gained mutation: [You do not regenerate when monsters are
                  | visible.] [a cacodemon]
 94327 | Pan      | Gained mutation: You have an increased reservoir of magic.
                  | (+10% MP) [a cacodemon]
 94536 | Pan      | Identified the ring "Niemum" {Fire rElec}
 94595 | Pan      | Found an exit through the horrors of the Abyss.
 94632 | Pan      | Reached skill level 27 in Fighting
 94706 | Pan      | Learned a level 4 spell: Passage of Golubria
 94795 | Pan      | Reached skill level 1 in Earth Magic
 94854 | Pan      | Reached skill level 1 in Transmutations
 94974 | Pan      | Entered the realm of Gloorx Vloq.
 95534 | Pan      | Reached skill level 5 in Earth Magic
 95703 | Pan      | Noticed Gloorx Vloq
 95728 | Pan      | Killed Gloorx Vloq
 95789 | Pan      | Got a dark rune of Zot
 95833 | Pan      | Learned a level 2 spell: Passwall
 95894 | Pan      | Entered the realm of Mnoleg.
 95938 | Pan      | Gained mutation: [Your body often deteriorates upon taking
                  | damage.] [a neqoxec]
 95942 | Pan      | Reached skill level 1 in Fire Magic
 95949 | Pan      | Gained mutation: [You are weak. (Str -2)] [a cacodemon]
 95970 | Pan      | Reached skill level 5 in Transmutations
 96050 | Pan      | Noticed Mnoleg
 96061 | Pan      | Killed Mnoleg
 96115 | Pan      | Reached skill level 5 in Fire Magic
 96191 | Pan      | Got a glowing rune of Zot
 96570 | Pan      | Found an exit through the horrors of the Abyss.
 96576 | Pan      | Took an exit into the Abyss.
 96576 | Abyss:1  | Escaped into the Abyss
 96576 | Abyss:1  | Found a corrupted altar of Lugonu.
 96616 | Abyss:1  | Found a corrupted altar of Lugonu.
 96696 | Depths:3 | Escaped the Abyss
 96702 | Depths:3 | Lost mutation: [You occasionally shout uncontrollably at
                  | your foes.] [potion of mutation]
 96702 | Depths:3 | Lost mutation: [You do not regenerate when monsters are
                  | visible.] [potion of mutation]
 96702 | Depths:3 | Lost mutation: [Your body often deteriorates upon taking
                  | damage.] [potion of mutation]
 96702 | Depths:3 | Gained mutation: You have supernaturally acute eyesight.
                  | (SInv) [potion of mutation]
 96825 | Zig:1    | Entered Level 1 of a ziggurat
 96840 | Zig:2    | Entered Level 2 of a ziggurat
 96843 | Zig:2    | Noticed Patemetue the pandemonium lord
 96873 | Zig:3    | Entered Level 3 of a ziggurat
 96973 | Zig:4    | Entered Level 4 of a ziggurat
 96984 | Zig:4    | Paralysed by accursed screaming for 1 turns
 97067 | Zig:5    | Entered Level 5 of a ziggurat
 97104 | Zig:5    | Got the Handbook of Warped Poisoning
 97115 | Zig:6    | Entered Level 6 of a ziggurat
 97148 | Zig:7    | Entered Level 7 of a ziggurat
 97193 | Zig:8    | Entered Level 8 of a ziggurat
 97200 | Zig:8    | Found the necklace of Bloodlust {*Rage +Rage Will++ Int-3
                  | Slay+6}
 97234 | Zig:8    | Identified the +6 hunting sling of the Evening {freeze, Fly
                  | Will- Str+2}
 97237 | Zig:9    | Entered Level 9 of a ziggurat
 97275 | Zig:9    | Found the +5 scythe "Finisher" {speed, eviscerate}
 97303 | Zig:9    | Reached skill level 10 in Spellcasting
 97305 | Zig:10   | Entered Level 10 of a ziggurat
 97330 | Zig:10   | Reached skill level 10 in Fire Magic
 97357 | Zig:10   | Found the +9 heavy crossbow "Sniper" {vorpal, Acc+∞ SInv}
 97409 | Zig:11   | Entered Level 11 of a ziggurat
 97418 | Zig:11   | Noticed an ancient lich
 97418 | Zig:11   | Noticed an ancient lich
 97420 | Zig:11   | Noticed a dread lich
 97434 | Zig:11   | Killed an ancient lich
 97437 | Zig:11   | Killed a dread lich
 97447 | Zig:11   | Killed an ancient lich
 97483 | Zig:12   | Entered Level 12 of a ziggurat
 97562 | Zig:13   | Entered Level 13 of a ziggurat
 97795 | Zig:13   | Identified the +0 steam dragon scales of the Exiled Suns
                  | {Str+6 Dex+6}
 97796 | Zig:13   | Identified the ring "Usavio" {Wiz rPois rF+ Int+3}
 97801 | Zig:13   | Lost mutation: [You are weak. (Str -2)] [potion of
                  | mutation]
 97801 | Zig:13   | Lost mutation: [You are frail. (-10% HP)] [potion of
                  | mutation]
 97801 | Zig:13   | Gained mutation: You evolve. [potion of mutation]
 97801 | Zig:13   | Gained mutation: You rapidly evolve. [potion of mutation]
 97801 | Zig:13   | Gained mutation: Your muscles are strong. (Str +2) [potion
                  | of mutation]
 97803 | Zig:14   | Entered Level 14 of a ziggurat
 97825 | Zig:14   | Noticed a royal mummy
 97851 | Zig:14   | Killed a royal mummy
 97860 | Zig:14   | Identified the amulet of the Clam {Regen+ Dex+3}
 97867 | Zig:14   | Identified the +7 plate armour of Boredom {rElec Will+}
 97868 | Zig:14   | Identified the ring of Bijaing {rC+ AC+4}
 97913 | Zig:15   | Entered Level 15 of a ziggurat
 98058 | Zig:15   | Identified the amulet "Esaricw" {Acrobat rN+}
 98064 | Zig:16   | Entered Level 16 of a ziggurat
 98128 | Zig:16   | Lost mutation: [Your body sometimes deteriorates upon
                  | taking damage.] [evolution]
 98256 | Zig:16   | Reached skill level 15 in Fire Magic
 98267 | Zig:16   | Learned a level 9 spell: Fire Storm
 98296 | Zig:17   | Entered Level 17 of a ziggurat
 98319 | Zig:17   | Reached skill level 1 in Conjurations
 98375 | Zig:17   | Identified the +7 scimitar "Ywae" {pain, MP-9 Str+3 Dex+6}
 98398 | Zig:18   | Entered Level 18 of a ziggurat
 98425 | Zig:18   | Noticed Darijev the pandemonium lord
 98436 | Zig:18   | Killed Darijev the pandemonium lord
 98448 | Zig:18   | Reached skill level 5 in Conjurations
 98513 | Zig:18   | Identified the +6 longbow "Beastbane" {venom, rCorr Int+5}
 98545 | Zig:18   | Learned a level 8 spell: Ignition
 98550 | Zig:19   | Entered Level 19 of a ziggurat
 98772 | Zig:19   | Found the +6 lightning scales {swift, rElec}
 98782 | Zig:19   | Identified the +4 rapier "Killer Bee's Doom" {drain, Contam
                  | Str+2 Dex+6 SInv}
 98785 | Zig:19   | Identified the ring "Juh Ybb" {rPois Int+4}
 98821 | Zig:20   | Entered Level 20 of a ziggurat
 98916 | Zig:20   | Paralysed by accursed screaming for 2 turns
 98932 | Zig:20   | Paralysed by accursed screaming for 2 turns
 98947 | Zig:20   | HP: 11/231 [starcursed mass/accursed screaming (23)]
 98947 | Zig:20   | Paralysed by accursed screaming for 2 turns
 98948 | Zig:20   | Killed from afar by a starcursed mass

Illustrated notes

Levels and vault maps discovered:
D:1:      dpeg_cavernosity, layout_basic, ebering_ecumenical_altar_ruins
D:2:      layout_basic, basic_altar, minmay_misc_feat_tower, uniq_natasha
D:3:      layout_loops_ring, nzn_hepliaklqana_mist_gate, st_stairs_8,
          serial_park_tiny_1, minivault_14
D:4:      layout_basic
D:5:      layout_rooms, nzn_wu_jian_council_hall, minmay_temple_entry_offerings
D:6:      layout_basic, uniq_menkaure, uniq_prince_ribbit1
D:7:      minmay_chambers_of_sixes, layout_rooms, serial_curves, eino_curves_03,
          eino_curves_04, eino_curves_01, eino_curves_02
D:8:      layout_basic, minitemple, lair_entry_dummy, lemuel_old_faithful
D:9:      layout_small_grid, mainiacjoe_overflow_catwalk,
          grunt_gozag_breadcrumbs, serial_shops, nicolae_shop_crystal, shop,
          nicolae_inconvenience_store, nicolae_shop_competitors_out_of_business,
          nicolae_shop_behind_doors, chequers_serial_rivers_micro_b
D:10:     layout_irregular_city, hangedman_decor_clover_reticule
D:11:     minmay_inner_zag, layout_loops_ring, gauntlet_entry_generic,
          elyvilon_altar_1, uniq_urug, uniq_erolcha
D:12:     layout_irregular_city, david_orc_1_choice, uniq_sonja, uniq_fannar,
          uniq_snorg
D:13:     layout_basic, david_vaults_1, beargit_elvish_explorers
D:14:     layout_gridville, serial_rivers, chequers_serial_rivers_marsh,
          chequers_serial_rivers_small_a, chequers_serial_rivers_large_a,
          chequers_serial_rivers_small_b, chequers_serial_rivers_large_b,
          serial_bayou_pond_a, gammafunk_ghost_grave
D:15:     gammafunk_enter_depths_forms, layout_basic, bloody_trog,
          serial_aquarium, aquarium_bridge_long_joined
          [aquarium_subvault_balcony, aquarium_subvault_window,
          aquarium_subvault_window, aquarium_subvault_bridge,
          aquarium_subvault_wall, aquarium_subvault_bridge],
          aquarium_bridge_straight [aquarium_subvault_bridge,
          aquarium_subvault_wall, aquarium_subvault_bridge,
          aquarium_subvault_wall], aquarium_window_2, aquarium_window_fake,
          aquarium_window_fake, aquarium_view_2c, aquarium_view_2c,
          aquarium_pool_corner
Temple:   compressed_dpeg_circular_temple
Lair:1:   layout_roguey, minmay_lair_oklob_chamber
Lair:2:   layout_roguey, gammafunk_ghost_ooze, minmay_holes
Lair:3:   layout_concentric_octagons, nicolae_spider_entry_orb_guardian,
          ebering_ghost_funeral_grove, grunt_megastairs_2
Lair:4:   hangedman_what_comes_after_a, layout_gridlike,
          elwin_shoals_entry_rocks, portal_ice_cave_entry_ice_simulacra
Lair:5:   layout_gridlike, grunt_forest_stairs_clearing
Lair:6:   grunt_lair_end_beastmaster, layout_regular_city, slime_dummy,
          nicolae_quartered_pool_super, grunt_megastairs_4, lemuel_fruit_tree
Shoals:1: layout_shoals, uniq_louise
Shoals:2: layout_shoals, hangedman_shoal_volcano
Shoals:3: layout_shoals
Shoals:4: shoals_end_grunt_ice, layout_shoals, uniq_polyphemus, uniq_kirke
Spider:1: layout_spider_delve, special_room [special_room_bee],
          hangedman_spider_tarantella_strand
Spider:2: layout_chambers, nicolae_spider_undead_wolf_pack, uniq_donald
Spider:3: layout_spider_delve, uniq_jorgrun
Spider:4: johnstein_spider_rune_arachne_lair, uniq_agnes
Slime:1:  layout_caves, nicolae_slime_phagocytosis
Slime:2:  layout_caves
Slime:3:  layout_caves, cheibrodos_slime_lost_civilization_6
Slime:4:  layout_caves
Slime:5
Orc:1:    giant_chief_lemuel, layout_diamond_mine, basic_altar
Orc:2:    grunt_orc_gardens, layout_diamond_mine, grunt_orc_garden,
          grunt_orc_garden, grunt_orc_garden, grunt_orc_garden, basic_altar
Elf:1:    layout_loops_ring, basic_altar, serial_hangedman_research,
          hangedman_research_thanatology, hangedman_research_probablistics,
          hangedman_research_electronics, hangedman_research_pyrotechnics,
          hangedman_research_quantum, hangedman_research_toxicology,
          serial_shops, shop, hangedman_elf_disciples
Elf:2:    nicolae_elf_blades_crystal_corner, layout_loops_cross, serial_shops,
          nicolae_shop_stone, gammafunk_ghost_abyssal_escape,
          minmay_elf_sorcery, uniq_asterion, uniq_azrael
Elf:3:    grunt_elf_hall_spiral, layout_gridlike, grunt_ministairs_4,
          corexii_hall_statues_i, uniq_bai_suzhen
Vaults:1: st_quartered_hall, nicolae_vaults_gold_heap,
          nicolae_vaults_little_squares_1, hangedman_vaults_unwind,
          vaults_room_pools, dpeg_vaults_monster_box, vaults_dpeg_diagonal,
          layout_vaults_quadrants
Vaults:2: hangedman_vaults_stitches, vaults_room_door_hall, st_hourglassy,
          nicolae_vaults_rhombus_6, hangedman_vaults_maws,
          vaults_mumra_minichess_inversion, ontoclasm_vaults_tryst,
          v_alt_pattern_4, vaults_room_door_ring, v_misc_8, v_rooms_1,
          nicolae_vaults_rhombus_5, layout_vaults_omnibox, uniq_aizul
Vaults:3: minmay_crypt_entry_simple_box, hangedman_vaults_maws,
          vaults_dpeg_hooks, grunt_vaults_twisty, nicolae_vaults_three_branches,
          nicolae_vaults_little_squares_4, vaults_room_mumra_shop_pool,
          nicolae_vaults_alarming, vaults_room_fours, layout_vaults_big_room,
          serial_shops, bzr_entry_lakeside
Vaults:4: nicolae_vaults_circle_grid_b, special_room_vaults [special_room_orc],
          v_misc_9, v_misc_10, nicolae_vaults_shelves_hall, v_misc_11,
          vaults_room_pools, v_alt_pattern_1, v_misc_10,
          ontoclasm_vaults_decontamination, nicolae_vaults_asterisk,
          ontoclasm_vaults_twist, vaults_mumra_hex, layout_vaults_omnicross,
          serial_shops, shop
Vaults:5: serial_shops
Crypt:1:  layout_chaotic_city, grunt_crypt_arrival_webbed, uniq_margery,
          uniq_boris, uniq_sojobo
Crypt:2:  layout_chaotic_city, serial_sigils_hangedman_gnaw, grunt_ministairs_8,
          hex_medium
Crypt:3:  grunt_crypt_end_deaths_head
Tomb:1
Depths:1: layout_big_octagon, minmay_misc_feat_square, grunt_mini_vestibule,
          hex_tiny, minmay_misc_feat_tiny, drop_trap, minivault_14,
          kiku_gazebo_garden_becter
Depths:2: hangedman_arch_fort, layout_gridlike, grunt_hell_entry_dis_old,
          biasface_ghost_demon_polymorph, okawaru_ov_weapons_minmay,
          uniq_saint_roka
Depths:3: hangedman_cross_veins, layout_honeycomb, enter_ziggurat_d,
          enter_trove_2, minmay_misc_feat_more_columns, hell_entry,
          abyss_entry_crystal, rand_demon_pan_entry_9, evilmike_ruin_ashenzari,
          minmay_staircase_windowed_large, uniq_jory
Depths:4: minmay_the_grid_four_pointed_star_mashed
          [minmay_the_grid_triangle_9x9_zippers_horizontal,
          minmay_the_grid_triangle_9x9_odd_lines,
          minmay_the_grid_triangle_9x9_limited_checkers,
          minmay_the_grid_triangle_9x9_descending_squares,
          minmay_the_grid_prize_inner_circle], layout_cave_pools,
          cheibriados_altar_1, abyss_entry, hell_entry, hex_large,
          infiniplex_staircase_river, serial_bayou_shore_b
Depths:5: grunt_x_marks_the_spot, layout_cave_pools, kennysheep_doodads,
          hangedman_abyss_entry_splay, hell_entry, grunt_qazlal_clouds
Hell
Zot:1:    layout_concentric_octagons, st_stairs_4, guppyfry_library_mini
Zot:2:    kennysheep_ambush_hall, layout_twisted_circle, st_stairs_11
Zig:20

Skill      XL: |  1  2  3  4  5  6  7  8  9 10 11 12 13 14 15 16 17 18 19 20 21 22 23 24 25 26 27 |
---------------+----------------------------------------------------------------------------------+-----
Axes           | 2 3 4 5 6 7 9 10 12 13 14 15 16 17 18 | 18.0
Shields        | 4 6 10 14 15 25 | 25.0
Fighting       | 4 5 7 9 10 12 13 14 15 16 17 18 19 20 21 22 24 25 26 27 | 27.0
Armour         | 5 6 7 9 10 11 13 14 19 23 | 23.0
Invocations    | 5 8 26 | 26.1
Throwing       | 1 4 5 7 9 10 14 | 14.4
Evocations     | 6 9 10 | 10.0
Dodging        | 5 7 |  7.7
Translocations | 3 8 11 13 15 16 | 16.5
Spellcasting   | 5 6 11 | 11.9
Earth Magic    | 8 |  8.0
Transmutations | 5 |  5.0
Fire Magic     | 17 | 17.2
Conjurations   | 7 |  7.4

Action                   |  1- 3 |  4- 6 |  7- 9 | 10-12 | 13-15 | 16-18 | 19-21 | 22-24 | 25-27 || total
-------------------------+-------+-------+-------+-------+-------+-------+-------+-------+-------++-------
Melee: War axe           |   144 |   168 |   302 |   781 |    85 |       |       |       |       ||  1480
       Flail             |       |       |       |    30 |    56 |       |       |       |       ||    86
       Broad axe         |       |       |       |       |  1030 |  1682 |  1393 |  1704 |  6027 || 11836
       Mace              |       |       |       |       |       |    24 |       |       |       ||    24
Throw: Dart              |       |       |    42 |     3 |    31 |    50 |     7 |       |       ||   133
       Javelin           |       |       |       |       |       |       |    15 |    20 |   182 ||   217
       Throwing net      |       |       |       |       |       |       |       |       |     1 ||     1
 Cast: Manifold Assault  |       |       |       |       |       |       |       |     3 |    20 ||    23
       Apportation       |       |       |       |       |       |       |       |     1 |    30 ||    31
       Blink             |       |       |       |       |       |       |       |     1 |     1 ||     2
       Dispersal         |       |       |       |       |       |       |       |       |     7 ||     7
Invok: Heroism           |       |       |       |     3 |    10 |    11 |     6 |     7 |     9 ||    46
       Finesse           |       |       |       |     1 |     3 |     3 |       |     3 |     8 ||    18
       Cleansing Flame   |       |       |       |       |       |       |       |       |    22 ||    22
       Summon Divine War |       |       |       |       |       |       |       |       |     6 ||     6
       Divine Shield     |       |       |       |       |       |       |       |       |     4 ||     4
       Brand Weapon With |       |       |       |       |       |       |       |       |     1 ||     1
 Abil: Evoke Invisibilit |       |       |       |       |       |       |     1 |     1 |     2 ||     4
Evoke: Wand              |       |       |     1 |       |     1 |     2 |     9 |       |     6 ||    19
       Box of beasts     |       |       |       |       |     1 |       |       |       |     2 ||     3
       Condenser vane    |       |       |       |       |       |       |     3 |     1 |       ||     4
  Use: Scroll            |       |     1 |     5 |    17 |     6 |     4 |     6 |     4 |    34 ||    77
       Potion            |       |       |       |       |     3 |     1 |     3 |       |    28 ||    35
 Stab: Held in net/web   |       |       |       |       |       |     3 |       |       |       ||     3
       Sleeping          |       |       |       |       |       |     1 |     2 |       |     1 ||     4
       Petrified         |       |       |       |       |       |       |     6 |       |       ||     6
       Invisible         |       |       |       |       |       |       |     1 |     5 |     3 ||     9
       Petrifying        |       |       |       |       |       |       |       |     1 |       ||     1
Armor: Scale mail        |    77 |    83 |   165 |    30 |       |       |       |       |       ||   355
       Acid dragon scale |       |       |       |   334 |   526 |       |       |       |       ||   860
       Plate armour      |       |       |       |       |    32 |       |       |       |       ||    32
       Ring mail         |       |       |       |       |   288 |  1038 |   664 |   686 |   742 ||  3418
       Gold dragon scale |       |       |       |       |       |       |       |       |  3159 ||  3159
Dodge: Dodged            |    78 |    69 |   155 |   342 |   699 |   604 |   436 |   463 |  1299 ||  4145
       Repelled          |       |       |       |       |     3 |       |       |       |       ||     3
Block: Kite shield       |     6 |       |       |       |       |  1118 |  1237 |  1161 |  1715 ||  5237
       Buckler           |    26 |    38 |    65 |   148 |   261 |    93 |       |       |       ||   631
       Tower shield      |       |       |       |       |       |       |       |       |  6218 ||  6218
